 Dungeon Crawl Stone Soup version 0.21.0-24-g2553a3340b (webtiles) character file.

102 Ripple the Chopper (level 4, 0/35 HPs)
             Began as a Demonspawn Fighter on Jan 21, 2018.
             Succumbed to an adder's poison
             ... on level 2 of the Dungeon.
             The game lasted 00:01:53 (1650 turns).

Ripple the Chopper (Demonspawn Fighter)             Turns: 1650, Time: 00:01:54

Health: 0/35       AC:  8    Str: 17    XL:     4   Next: 50%
Magic:  4/4        EV:  4    Int:  9    God:
Gold:   115        SH:  8    Dex: 13    Spells: 3/3 levels left

rFire    . . .     SeeInvis +   a - +0 war axe
rCold    . . .     Gourm    .   c - +0 shield
rNeg     . . .     Faith    .   v - +0 chain mail
rPois    .         Spirit   .   (no helmet)
rElec    .         Reflect  .   (no cloak)
rCorr    +         Harm     .   (no gloves)
MR       .....                  (no boots)
Stlth    ..........             (no amulet)
HPRegen  0.11/turn              g - ring of see invisible (curse)
MPRegen  0.09/turn              q - ring of resist corrosion

@: lethally poisoned (0 -> -1)
A: hooves 1, powered by death 1
a: no special abilities


You were on level 2 of the Dungeon.
You were hungry.

You visited 1 branch of the dungeon, and saw 3 of its levels.

You collected 115 gold pieces.

Inventory:

Hand Weapons
 a - a +0 war axe (weapon)
Missiles
 m - 7 needles of sleeping
Armour
 b - a +0 scale mail
 c - a +0 shield (worn)
 v - a +0 chain mail (worn)
Jewellery
 g - a cursed ring of see invisible (left hand)
 q - a ring of resist corrosion (right hand)
 s - an uncursed ring of resist corrosion
Scrolls
 h - a scroll of fear {unknown}
 i - a scroll of identify {unknown}
 o - 3 scrolls of random uselessness {unknown}
 p - a scroll of teleportation {unknown}
 r - a scroll of noise {unknown}
 t - a scroll of enchant armour {unknown}
 w - a scroll of fog {unknown}
Potions
 d - a potion of might
 e - 2 potions of heal wounds {unknown}
 j - 2 potions of flight {unknown}
 k - a potion of mutation {unknown}
 l - 3 potions of curing {unknown}
 n - a potion of haste {unknown}
Comestibles
 f - 2 rations


   Skills:
 - Level 3.0 Fighting
 + Level 4.4 Axes
 - Level 2.6 Armour
 - Level 2.6 Shields


You had 3 spell levels left.
You didn't know any spells.

Dungeon Overview and Level Annotations

Branches:
Dungeon (3/15)

Altars:
Ashenzari
Gozag
Hepliaklqana
Vehumet

Annotations:
D:2 Grinder


Innate Abilities, Weirdness & Mutations

You have large cloven feet.
You regenerate a little health from kills.


Message History

The phantom hits you but does no damage.
Grinder hits you.
You writhe in agony.
You slash the rat!
You kill the rat!
You closely miss the phantom. You closely miss Grinder.
You feel sick. The phantom hits you.
The phantom blinks!
Grinder hits you.
You writhe in agony.
Grinder hits you.
* * * LOW HITPOINT WARNING * * *
You writhe in agony.
* * * LOW HITPOINT WARNING * * *
There is a stone staircase leading up here.
You see here a rat corpse.
Unknown command.
The phantom blinks!
Grinder hits you.
* * * LOW HITPOINT WARNING * * *
You writhe in agony.
* * * LOW HITPOINT WARNING * * *
You climb upwards.
You die...

# ##............#..#...# #
##.........#####_...... #
#..........# #..#...# ##
#..........#####....... .#
#..........##..########
.###### #.............##
......# ###..........####
......###.......5.....#
..........##....@...#.######
......#####................#
####### #.....8...8......#
#................#
#...8...<...8....#
#................#
##....8...8.######
##........## ###...####


You could see Grinder.

Vanquished Creatures
  3 adders
  A shadow imp (D:2)
  An ooze (D:1)
  2 worms (D:2)
  4 dart slugs
  A leopard gecko (D:2)
  A giant cockroach (D:1)
  7 goblins
  4 hobgoblins
  2 ball pythons (D:2)
  8 bats
  4 frilled lizards
  8 kobolds (D:1)
  9 rats
55 creatures vanquished.

Notes
Turn   | Place    | Note
-------+----------+-------------------------------------------
     0 | D:1      | Ripple the Demonspawn Fighter began the quest for the Orb.
     0 | D:1      | Reached XP level 1. HP: 18/18 MP: 1/1
    10 | D:1      | Reached skill level 2 in Axes
    53 | D:1      | Gained mutation: You have large cloven feet. [demonic ancestry]
    53 | D:1      | Reached XP level 2. HP: 22/24 MP: 2/2
   144 | D:1      | Reached skill level 3 in Axes
   323 | D:1      | Reached XP level 3. HP: 29/29 MP: 3/3
   836 | D:2      | Gained mutation: You regenerate a little health from kills. [demonic ancestry]
   836 | D:2      | Reached XP level 4. HP: 16/35 MP: 4/4
  1017 | D:2      | Reached skill level 4 in Axes
  1313 | D:2      | Found a radiant altar of Vehumet.
  1317 | D:2      | Found a shattered altar of Ashenzari.
  1370 | D:2      | Found an opulent altar of Gozag.
  1469 | D:2      | Found a hazy altar of Hepliaklqana.
  1631 | D:3      | Noticed Grinder
  1631 | D:3      | Noticed a phantom
  1641 | D:3      | Paralysed by Grinder for 2 turns
  1649 | D:3      | HP: 1/35 [Grinder (4)]
  1650 | D:2      | Succumbed to an adder's poison

Skill      XL: |  1  2  3  4 |
---------------+-------------+-----
Axes           | 2 3 4 |  4.4
Fighting       | |  3.0
Armour         | |  2.6
Shields        | |  2.6

Action                   |  1- 3 |  4- 6 || total
-------------------------+-------+-------++-------
Melee: War axe           |    95 |    43 ||   138
       Kick              |    21 |     5 ||    26
  Eat: Chunk             |       |     2 ||     2
Armor: Scale mail        |    54 |    20 ||    74
       Chain mail        |       |    10 ||    10
Dodge: Dodged            |    16 |    11 ||    27
Block: Shield            |    49 |    28 ||    77
